 Dungeon Crawl Stone Soup version 0.26.1-11-gd32895ea62 (webtiles) character file.

Game seed: 11706950836797041245

4081 Almogavar the Thaumaturge (level 10, 0/74 HPs)
             Began as a Gnoll Wanderer on May 6, 2021.
             Was a Believer of Sif Muna.
             Slain by a +0 broad axe of freezing (3 damage)
             ... created by the rancor of the Wu Jian Council
             ... on level 8 of the Dungeon.
             The game lasted 00:48:23 (11791 turns).

Almogavar the Thaumaturge (Gnoll Wanderer)         Turns: 11791, Time: 00:48:23

Health: 0/74       AC: 10    Str: 14    XL:     10   Next: 25%
Magic:  22/22      EV: 14    Int: 18    God:    Sif Muna [**....]
Gold:   590        SH:  6    Dex: 15    Spells: 18/26 levels left

rFire    + . .     SeeInvis .   H - staff of fire
rCold    . . .     Faith    .   c - +0 buckler
rNeg     . . .     Spirit   .   o - +0 leather armour
rPois    .         Reflect  .   (no helmet)
rElec    .         Harm     .   A - +0 cloak
rCorr    .         Rampage  .   g - +2 pair of gloves
Will     .....                  I - +1 pair of boots {Stlth+}
Stlth    ++++......             (no amulet)
HPRegen  0.22/turn              (no ring)
MPRegen  0.18/turn              (no ring)

@: no status effects
A: distributed training, fangs 1, strong nose
a: Renounce Religion, Channel Magic


You were on level 8 of the Dungeon.
You worshipped Sif Muna.
Sif Muna was pleased with you.
You visited 2 branches of the dungeon, and saw 9 of its levels.

You collected 590 gold pieces.

Inventory:

Hand Weapons
 d - a +2 dagger of venom
 i - a +0 morningstar of draining
 z - a +4 quarterstaff of chaos
Missiles
 e - 23 poisoned darts (quivered)
 f - 15 boomerangs
Armour
 c - a +0 buckler (worn)
 g - a +2 pair of gloves (worn)
 o - a +0 leather armour (worn)
 u - a +0 ring mail
 A - a +0 cloak (worn)
 I - a +1 pair of boots of stealth (worn)
Magical Staves
 H - an uncursed staff of fire (weapon)
Wands
 a - a wand of random effects (10)
 l - a wand of paralysis (5)
 t - a wand of flame (39)
 E - a wand of acid (4)
Scrolls
 b - 4 scrolls of teleportation
 h - a scroll of fog
 p - 4 scrolls of remove curse
 s - 3 scrolls of magic mapping
 D - a scroll of blinking {unknown}
 F - 3 scrolls of amnesia {unknown}
 G - 2 scrolls of random uselessness {unknown}
 J - a scroll of enchant armour
Potions
 j - 3 potions of might
 q - a potion of cancellation {unknown}
 v - a potion of magic {unknown}
 w - 2 potions of invisibility {unknown}
 x - a potion of ambrosia {unknown}
 B - a potion of heal wounds {unknown}
 C - a potion of lignification {unknown}


   Skills:
 + Level 5.1 Fighting
 + Level 5.1 Short Blades
 + Level 5.1 Long Blades
 + Level 5.1 Axes
 + Level 5.1 Maces & Flails
 + Level 5.1 Polearms
 + Level 5.1 Staves
 + Level 5.1 Slings
 + Level 5.1 Bows
 + Level 5.1 Crossbows
 + Level 5.1 Throwing
 + Level 5.1 Armour
 + Level 5.1 Dodging
 + Level 5.1 Stealth
 + Level 6.9 Shields
 + Level 5.1 Unarmed Combat
 + Level 8.9 Spellcasting
 + Level 4.2 Conjurations
 + Level 4.2 Hexes
 + Level 4.2 Summonings
 + Level 4.2 Necromancy
 + Level 4.2 Translocations
 + Level 5.7 Transmutations
 + Level 4.2 Fire Magic
 + Level 4.2 Ice Magic
 + Level 7.0 Air Magic
 + Level 4.2 Earth Magic
 + Level 4.2 Poison Magic
 + Level 5.6 Invocations
 + Level 5.1 Evocations


You had 18 spell levels left.
You knew the following spells:

 Your Spells              Type           Power        Failure   Level
a - Shock                 Conj/Air       100%         1%          1
b - Swiftness             Air            33%          1%          2
c - Poisonous Vapours     Pois/Air       56%          1%          2
d - Ignite Poison         Fire/Tmut/Pois 37%          4%          3

Your spell library contained the following spells:

 Spells                   Type           Power        Failure   Level
 Foxfire                  Conj/Fire      100%         1%          1
 Sting                    Tmut/Pois      100%         1%          1
 Static Discharge         Conj/Air       28%          3%          3
 Mephitic Cloud           Conj/Pois/Air  26%          4%          3
 Confusing Touch          Hex            23%          6%          3
 Gell's Gravitas          Tloc           11%          6%          3
 Inner Flame              Hex/Fire       34%          6%          3
 Airstrike                Air            16%          6%          4
 Petrify                  Tmut/Erth      26%          14%         4
 Olgreb's Toxic Radiance  Pois           23%          19%         4
 Lightning Bolt           Conj/Air       14%          30%         5
 Yara's Violent Unravell  Hex/Tmut       13%          36%         5
 Metabolic Englaciation   Hex/Ice        11%          47%         5


Dungeon Overview and Level Annotations

Branches:
Dungeon (8/15)             Temple (1/1) D:4
   Lair: D:8-11

Altars:
Ashenzari
Cheibriados
Dithmenos
Elyvilon
Fedhas
Hepliaklqana
Kikubaaqudgha
Makhleb
Nemelex Xobeh
Okawaru
Qazlal
Ru
Sif Muna
Trog
Uskayaw
Wu Jian
Xom
Yredelemnul
Zin
The Shining One

Shops:
D:6 :   D:7 *([[


Innate Abilities, Weirdness & Mutations

Your experience applies equally to all skills.
You have very sharp teeth.
Your uncanny sense of smell can sniff out nearby items.


Message History

Unknown command.
You hit the +0 dire flail of speed.
The +0 dire flail of speed is moderately damaged.
The +0 dire flail of speed hits you. The +3 broad axe of freezing hits you!
* * * LOW HITPOINT WARNING * * *
The +3 broad axe of freezing freezes you.
* * * LOW HITPOINT WARNING * * *
The +0 broad axe of freezing closely misses you.
You hit the +0 dire flail of speed.
The +0 dire flail of speed is moderately damaged.
The +0 dire flail of speed completely misses you.
As you read the scroll of fog, it crumbles to dust.
The scroll dissolves into smoke.
You carefully extract the barbed spikes from your body.
You block the +0 dire flail of speed's attack.
The +3 broad axe of freezing misses you.
The +0 broad axe of freezing hits you.
* * * LOW HITPOINT WARNING * * *
The +0 broad axe of freezing freezes you.
You die...

.. .
######+####+###....
#....§@§§..<.....#
#....(((§........#
+....§(§§........#
#...........>....#
#................#
#................#
#................#
#................#
#................


You could see 4 dancing weapons.

Vanquished Creatures
  Pikel (D:4)
  Grinder (D:4)
  Eustachio (D:5)
  2 orc warriors
  3 sky beasts
  An ice beast (D:6)
  A phantom (D:3)
  6 ogres
  2 centaurs
  2 lemures (D:2)
  3 big kobolds (D:7)
  4 bullfrogs
  A gnoll sergeant (D:7)
  2 scorpions
  3 wights (D:7)
  A howler monkey (D:6)
  2 bullfrog zombies
  A crimson imp (D:5)
  A quasit (D:7)
  4 orc wizards
  A bullfrog skeleton (D:7)
  A centaur skeleton (D:6)
  2 orc priests (D:7)
  2 gnoll shamans (D:7)
  3 hounds
  Crazy Yiuf (D:4)
  Ijyb (D:3)
  3 iguanas
  Natasha (thrice) (D:2)
  8 worker ants
  A hound zombie (D:7)
  A hound skeleton (D:4)
  A mummy (D:7)
  7 adders
  8 gnolls
  A shadow imp (D:6)
  2 white imps
  An ufetubus (D:6)
  An ooze (D:5)
  An adder zombie (D:7)
  An adder skeleton (D:7)
  2 worms
  2 dart slugs
  3 leopard geckos
  11 orcs
  9 giant cockroaches
  9 goblins
  13 hobgoblins
  16 jackals
  6 quokkas
  3 ball pythons
  A ball python skeleton (D:4)
  5 bats
  5 frilled lizards
  21 kobolds
  A quokka skeleton (D:6)
  4 rats
203 creatures vanquished.

Vanquished Creatures (others)
  50 plants (D:7)
50 creatures vanquished.

Grand Total: 253 creatures vanquished

Notes
Turn   | Place    | Note
-------+----------+-------------------------------------------
     0 | D:1      | Almogavar the Gnoll Wanderer began the quest for the Orb.
     0 | D:1      | Almogavar set off with the following items: a +0 dagger, a
                  | +0 buckler, a +0 robe; and the following spells available
                  | to memorise: Swiftness, Shock, Foxfire, Static Discharge,
                  | Airstrike, Inner Flame, Lightning Bolt
     0 | D:1      | Reached XP level 1. HP: 13/13 MP: 8/8
    24 | D:1      | Learned a level 1 spell: Shock
   135 | D:1      | Reached XP level 2. HP: 20/20 MP: 5/10
   366 | D:1      | Reached XP level 3. HP: 25/25 MP: 9/11
   475 | D:1      | You fall into a shaft and drop 1 floor!
   759 | D:2      | Noticed Natasha
   771 | D:2      | Killed Natasha
   772 | D:2      | Reached skill level 1 in Fighting
   772 | D:2      | Reached skill level 1 in Short Blades
   772 | D:2      | Reached skill level 1 in Long Blades
   772 | D:2      | Reached skill level 1 in Axes
   772 | D:2      | Reached skill level 1 in Maces & Flails
   772 | D:2      | Reached skill level 1 in Polearms
   772 | D:2      | Reached skill level 1 in Staves
   772 | D:2      | Reached skill level 1 in Slings
   772 | D:2      | Reached skill level 1 in Bows
   772 | D:2      | Reached skill level 1 in Crossbows
   772 | D:2      | Reached skill level 1 in Throwing
   772 | D:2      | Reached skill level 1 in Armour
   772 | D:2      | Reached skill level 1 in Dodging
   772 | D:2      | Reached skill level 1 in Stealth
   772 | D:2      | Reached skill level 1 in Unarmed Combat
   772 | D:2      | Reached skill level 1 in Invocations
   772 | D:2      | Reached skill level 1 in Evocations
   772 | D:2      | Reached XP level 4. HP: 20/32 MP: 1/13
   893 | D:2      | Noticed Natasha
   898 | D:2      | Killed Natasha
   949 | D:2      | Reached skill level 1 in Conjurations
   949 | D:2      | Reached skill level 1 in Hexes
   949 | D:2      | Reached skill level 1 in Summonings
   949 | D:2      | Reached skill level 1 in Necromancy
   949 | D:2      | Reached skill level 1 in Translocations
   949 | D:2      | Reached skill level 1 in Fire Magic
   949 | D:2      | Reached skill level 1 in Ice Magic
   949 | D:2      | Reached skill level 1 in Earth Magic
   949 | D:2      | Reached skill level 1 in Poison Magic
  1093 | D:2      | Found a blossoming altar of Fedhas.
  1162 | D:2      | Reached XP level 5. HP: 37/37 MP: 7/14
  1612 | D:2      | Noticed Natasha
  1615 | D:2      | Killed Natasha
  2009 | D:3      | Found a sacrificial altar of Ru.
  2020 | D:3      | Reached XP level 6. HP: 40/44 MP: 5/16
  2311 | D:3      | Learned a level 2 spell: Swiftness
  2384 | D:3      | Noticed Ijyb
  2396 | D:3      | Killed Ijyb
  2744 | D:3      | Found a hazy altar of Hepliaklqana.
  3025 | D:4      | Noticed Pikel
  3026 | D:4      | Noticed Grinder
  3032 | D:4      | Reached skill level 5 in Shields
  3668 | D:4      | Paralysed by Grinder for 3 turns
  3682 | D:4      | Paralysed by Grinder for 6 turns
  3691 | D:4      | Killed Grinder
  3692 | D:4      | Reached XP level 7. HP: 33/51 MP: 4/18
  4170 | D:4      | Found a staircase to the Ecumenical Temple.
  4182 | Temple   | Entered the Ecumenical Temple
  4397 | Temple   | Became a worshipper of Nemelex Xobeh the Trickster
  4487 | D:4      | Killed Pikel
  4488 | D:4      | Reached XP level 8. HP: 47/58 MP: 1/19
  4904 | D:4      | Found an ornate altar of the Wu Jian Council.
  4962 | D:4      | Found a glowing silver altar of Zin.
  5160 | D:4      | Found a runed translucent door.
  5161 | D:4      | Noticed Crazy Yiuf
  5231 | D:4      | Killed Crazy Yiuf
  5607 | D:5      | Entered Level 5 of the Dungeon
  5614 | D:5      | Reached * piety under Nemelex Xobeh
  5761 | D:5      | Reached skill level 8 in Spellcasting
  5833 | D:5      | Received a gift from Nemelex Xobeh
  5935 | D:5      | Found a shimmering blue altar of Sif Muna.
  5942 | D:5      | Fell from the grace of Nemelex Xobeh
  5945 | D:5      | Became a worshipper of Sif Muna the Loreminder
  6222 | D:5      | Noticed Eustachio
  6245 | D:5      | Killed Eustachio
  6653 | D:5      | Found a white marble altar of Elyvilon.
  7288 | D:6      | Found Viclerid's Book Boutique.
  7541 | D:6      | Reached XP level 9. HP: 46/63 MP: 13/21
  7553 | D:6      | Reached skill level 5 in Transmutations
  7738 | D:6      | Found a basalt altar of Yredelemnul.
  8365 | D:6      | Reached * piety under Sif Muna
  8651 | D:6      | Found a shimmering altar of Xom.
  9001 | D:7      | Found Sixex's Antique Armour Emporium.
  9003 | D:7      | Found Gosacugg's Antique Weapon Shop.
  9594 | D:7      | Reached skill level 5 in Invocations
  9627 | D:7      | Found a snail-covered altar of Cheibriados.
  9712 | D:7      | Found Tysynaen's Antique Armour Shoppe.
 10154 | D:7      | Reached XP level 10. HP: 70/73 MP: 17/22
 10237 | D:7      | Reached ** piety under Sif Muna
 10380 | D:7      | Found Zigg's General Store.
 10658 | D:7      | Reached skill level 5 in Fighting
 10658 | D:7      | Reached skill level 5 in Short Blades
 10658 | D:7      | Reached skill level 5 in Long Blades
 10658 | D:7      | Reached skill level 5 in Axes
 10658 | D:7      | Reached skill level 5 in Maces & Flails
 10658 | D:7      | Reached skill level 5 in Polearms
 10658 | D:7      | Reached skill level 5 in Staves
 10658 | D:7      | Reached skill level 5 in Slings
 10658 | D:7      | Reached skill level 5 in Bows
 10658 | D:7      | Reached skill level 5 in Crossbows
 10658 | D:7      | Reached skill level 5 in Throwing
 10658 | D:7      | Reached skill level 5 in Armour
 10658 | D:7      | Reached skill level 5 in Dodging
 10658 | D:7      | Reached skill level 5 in Stealth
 10658 | D:7      | Reached skill level 5 in Unarmed Combat
 10658 | D:7      | Reached skill level 5 in Evocations
 10839 | D:7      | Learned a level 2 spell: Poisonous Vapours
 10843 | D:7      | Learned a level 3 spell: Ignite Poison
 11791 | D:8      | HP: 3/74 [+0 broad axe of freezing[the rancor of the Wu
                  | Jian Council] (6)]
 11791 | D:8      | Slain by a +0 broad axe of freezing

Illustrated notes

Levels and vault maps discovered:
D:1:      dpeg_arrival_tiny_a, layout_rooms, minmay_splitting_lines,
          minmay_tetromino_t4
D:2:      layout_loops_ring, fedhas_altar_2, uniq_natasha, uniq_robin
D:3:      layout_loops_ring, lemuel_doored_altar,
          nicolae_ru_great_annihilating_truth, uniq_ijyb
D:4:      layout_cave_pools, pdpol_wu_jian_five_deadly_venoms,
          kennysheep_mini_moat, minmay_temple_entry_butterflies, uniq_grinder,
          uniq_crazy_yiuf_cottage, uniq_pikel
D:5:      minmay_angry_zag, layout_layer_cave, old_standard_altar,
          nicolae_overflow_crystal_walls, minmay_fire_ice_demons, uniq_eustachio
D:6:      layout_rooms, nicolae_overflow_hidden_temple,
          overflow_temple_1_default, serial_shops, nicolae_shop_trees,
          st_stairs_2, minmay_joined_circles
D:7:      kennysheep_housing_project, layout_loops_ring, slow_altar_2,
          serial_shops, shop_fountains, nicolae_shop_statue_plus, shop, shop
D:8:      minmay_the_grid_plus_closed [minmay_the_grid_tiny_cups,
          minmay_the_grid_minigrid_large, minmay_the_grid_mess,
          minmay_the_grid_eight, minmay_the_grid_prize_inner_circle],
          layout_gridville, nicolae_gozag_seed_capital, uniq_grum
Temple:   dpeg_chambers_temple

Skill      XL: |  1  2  3  4  5  6  7  8  9 10 |
---------------+-------------------------------+-----
Fighting       | 1 2 3 4 5 |  5.1
Short Blades   | 1 2 3 4 5 |  5.1
Long Blades    | 1 2 3 4 5 |  5.1
Axes           | 1 2 3 4 5 |  5.1
Maces & Flails | 1 2 3 4 5 |  5.1
Polearms       | 1 2 3 4 5 |  5.1
Staves         | 1 2 3 4 5 |  5.1
Slings         | 1 2 3 4 5 |  5.1
Bows           | 1 2 3 4 5 |  5.1
Crossbows      | 1 2 3 4 5 |  5.1
Throwing       | 1 2 3 4 5 |  5.1
Armour         | 1 2 3 4 5 |  5.1
Dodging        | 1 2 3 4 5 |  5.1
Stealth        | 1 2 3 4 5 |  5.1
Unarmed Combat | 1 2 3 4 5 |  5.1
Invocations    | 1 2 3 4 5 |  5.6
Evocations     | 1 2 3 4 5 |  5.1
Conjurations   | 1 2 3 4 |  4.2
Hexes          | 1 2 3 4 |  4.2
Summonings     | 1 2 3 4 |  4.2
Necromancy     | 1 2 3 4 |  4.2
Translocations | 1 2 3 4 |  4.2
Fire Magic     | 1 2 3 4 |  4.2
Ice Magic      | 1 2 3 4 |  4.2
Earth Magic    | 1 2 3 4 |  4.2
Poison Magic   | 1 2 3 4 |  4.2
Transmutations | 4 5 |  5.7
Shields        | 5 6 |  6.9
Air Magic      | 6 7 |  7.0
Spellcasting   | 8 |  8.9

Action                   |  1- 3 |  4- 6 |  7- 9 | 10-12 || total
-------------------------+-------+-------+-------+-------++-------
Melee: Dagger            |       |     5 |    10 |       ||    15
       Bite              |       |     1 |    17 |     7 ||    25
       Morningstar       |       |       |    46 |       ||    46
       Staff             |       |       |    84 |    55 ||   139
Throw: Dart              |     1 |     1 |     1 |       ||     3
 Cast: Shock             |    47 |   146 |   306 |    83 ||   582
       Swiftness         |       |       |     2 |     1 ||     3
       Poisonous Vapours |       |       |       |     6 ||     6
       Ignite Poison     |       |       |       |     3 ||     3
Invok: Renounce Religion |       |       |     1 |       ||     1
  Use: Scroll            |       |     3 |     8 |     2 ||    13
       Potion            |       |       |     1 |     1 ||     2
Armor: Robe              |       |     4 |    29 |       ||    33
       Leather armour    |       |       |    20 |    17 ||    37
Dodge: Dodged            |     4 |    13 |   103 |    32 ||   152
Block: Buckler           |     3 |    11 |    47 |    20 ||    81
